 Dungeon Crawl Stone Soup version 0.30-a0-122-g2a1322497e (webtiles) character file.

Game seed: 15052309007806447993

79 greasedhog the Trooper (level 4, -5/30 HPs)
             Began as a Gargoyle Cinder Acolyte on Sept 16, 2022.
             Was a High Priest of Ignis.
             Slain by Sigmund
             ... wielding a +0 scythe
              (8 damage)
             ... on level 3 of the Dungeon.
             The game lasted 00:02:18 (2596 turns).

greasedhog the Trooper (Gargoyle Cinder Acolyte)    Turns: 2596, Time: 00:02:19

Health: -5/30      AC:  6    Str: 17    XL:     4   Next: 38%
Magic:  5/5        EV: 11    Int: 15    God:    Ignis [*****.]
Gold:   63         SH:  0    Dex:  7    Spells: 5/5 levels left

rFire   + . .      SeeInvis +    a - -1 mace (chaos)
rCold   + . .      Faith    .    (no shield)
rNeg    + . .      Spirit   .    b - +0 robe
rPois   ∞          Reflect  .    (no helmet)
rElec   +          Harm     .    (no cloak)
rCorr   .          Rampage  .    e - +0 pair of gloves
Will    .....                    (no boots)
Stlth   +.........               (no amulet)
HPRegen 0.10/turn                j - ring of see invisible
MPRegen 0.09/turn                d - ring of protection from cold

@: no status effects
A: sickness immunity, AC +3, negative energy resistance 1, electricity
resistance, torment resistance 1, petrification resistance
a: Renounce Religion, Fiery Armour, Foxfire Swarm, Rising Flame


You were on level 3 of the Dungeon.
You worshipped Ignis.
Ignis was extremely pleased with you.
You visited 1 branch of the dungeon, and saw 3 of its levels.

You collected 63 gold pieces.

Inventory:

Hand Weapons
 a - a -1 mace of chaos (weapon)
Armour
 b - a +0 robe (worn)
 e - a +0 pair of gloves (worn)
Jewellery
 d - a ring of protection from cold (right hand)
 j - a ring of see invisible (left hand)
 l - a ring of wizardry
Scrolls
 f - a scroll of torment
 g - a scroll of poison
 i - a scroll of butterflies {unknown}
 k - a scroll of amnesia
Potions
 c - a potion of degeneration {unknown}
 h - 2 potions of magic {unknown}
 m - a potion of curing {unknown}


   Skills:
 * Level 4.5 Fighting
 * Level 4.1 Maces & Flails
 - Level 1.0 Spellcasting
 - Level 3.0 Fire Magic


You had 5 spell levels left.
You didn't know any spells.
Your spell library contained the following spells:

 Spells                   Type           Power      Damage    Failure   Level
 Scorch                   Fire           18%        2d5       11%         2
 Summon Small Mammal      Summ           0%         N/A       24%         1
 Call Canine Familiar     Summ           0%         N/A       58%         3
 Summon Guardian Golem    Hex/Summ       0%         N/A       58%         3


Dungeon Overview and Level Annotations

Branches:
Dungeon (3/15)

Altars:
Zin

Annotations:
D:3 Sigmund


Innate Abilities, Weirdness & Mutations

You are immune to sickness and miasma.
Your stone body is resilient. (AC +3)
You are immune to poison.
You resist negative energy. (rN+)
You are resistant to electric shocks. (rElec)
You are resistant to unholy torment.
You are immune to petrification.


Message History

Sigmund the Dreaded opens the door.
He is wielding a +0 scythe.
Sigmund gestures at you while chanting.
You are confused.
There is an open door here.
You hit Sigmund. You burn Sigmund.
Sigmund is lightly wounded.
Sigmund hits you with a +0 scythe.
You bump into the rock wall.
You completely miss Sigmund.
Sigmund is lightly wounded.
Sigmund hits you with a +0 scythe.
You are too confused!
You hit Sigmund. You drain Sigmund.
Sigmund is moderately wounded.
Sigmund barely misses you. Sigmund attacks as you move away!
Sigmund hits you with a +0 scythe! Sigmund closely misses you.
There is an open door here.
You hit Sigmund.
Sigmund is heavily wounded.
You feel less confused. Sigmund barely misses you.
An endoplasm comes into view.
The endoplasm quivers.
You thump Sigmund!
Sigmund is almost dead.
Sigmund completely misses you.
You closely miss Sigmund.
Sigmund is almost dead.
You closely miss Sigmund.
Sigmund is almost dead.
Sigmund barely misses you.
You closely miss Sigmund.
Sigmund is almost dead.
Sigmund hits you with a +0 scythe!
* * * LOW HITPOINT WARNING * * *
You closely miss Sigmund.
Sigmund is almost dead.
Sigmund hits you with a +0 scythe!
You die...

#.......
#......
..... ...
#.# #.#
#J# #@#
####@##
#.....#
#.....#
##.
#.....#
.#.
#.....#
.#. #####
#.....#
.#.##...#
####.##
.#.##...#
#....#
##.##...#
#....#


You could see Sigmund (very drained) and an endoplasm.

Vanquished Creatures
  3 adders
  3 worms (D:2)
  An orc (D:3)
  4 bats
  4 endoplasms (D:1)
  2 giant cockroaches
  3 goblins (D:1)
  7 hobgoblins
  3 ball pythons
  6 frilled lizards
  5 kobolds
  3 rats
44 creatures vanquished.

Notes
Turn   | Place    | Note
-------+----------+-------------------------------------------
     0 | D:1      | greasedhog the Gargoyle Cinder Acolyte began the quest for
                  | the Orb.
     0 | D:1      | Reached XP level 1. HP: 14/14 MP: 2/2
   369 | D:1      | Reached XP level 2. HP: 16/19 MP: 3/3
  1184 | D:1      | Reached XP level 3. HP: 24/24 MP: 4/4
  1470 | D:2      | Found a faded altar of an unknown god.
  1808 | D:2      | Reached XP level 4. HP: 28/30 MP: 5/5
  2497 | D:3      | Found a glowing silver altar of Zin.
  2573 | D:3      | Noticed Sigmund
  2596 | D:3      | Slain by Sigmund

Illustrated notes

Levels and vault maps discovered:
D:1:      lemuel_arrival_room, layout_loops_ring
D:2:      minmay_evil_eye, layout_loops_ring, dreamdust_ecumenical_altar_statues
D:3:      layout_basic, zin_treasury, ashenzari_altar_1,
          gammafunk_temple_overflow_elements, uniq_robin, uniq_sigmund

Skill      XL: |  1  2  3 |
---------------+----------+-----
Fighting       | 4 |  4.5
Maces & Flails | 4 |  4.1
Spellcasting   | |  1.0
Fire Magic     | |  3.0

Action                   |  1- 3 |  4- 6 || total
-------------------------+-------+-------++-------
Melee: Mace              |   113 |    52 ||   165
       Punch             |       |     1 ||     1
  Use: Scroll            |     5 |       ||     5
 Stab: Sleeping          |       |     1 ||     1
Armor: Robe              |    49 |    19 ||    68
Dodge: Dodged            |    84 |    31 ||   115

Table legend: (Time is in decaauts)
 A = Elapsed time spent in this place.
 B = Non-inter-level travel time spent in this place.
 C = Inter-level travel time spent in this place.
 D = Time resting spent in this place.
 E = Time spent auto-exploring this place.
 F = Levels seen in this place.
 G = Mean time per level.
                   A        B        C        D        E       F      G
               +--------+--------+--------+--------+--------+-----+--------+
         Total |   2630 |   2581 |     49 |      2 |   2207 |   3 |  876.7 |
       Dungeon |   2630 |   2581 |     49 |      2 |   2207 |   3 |  876.7 |
               +--------+--------+--------+--------+--------+-----+--------+

Top non-repeatable levels by time:
     D:1: 1392 daAuts
     D:2: 928 daAuts
     D:3: 308 daAuts
